Map: Jagannatha LE

Players

Neeb - Winner!

  • Race: Protoss Protoss

PiLiPiLi

  • Race: Protoss Protoss

Event: DreamHack SC2 Masters 2021 Fall

VOD

Have the link to the VOD?

Description

Time

  • Played on: Aug. 6, 2021, 5:07 p.m.
  • Length: 10:49

All games in this series

Show
View Real Time Build Order
Export as new Build Order

Neeb Protoss - Winner!

Build Orders: Phoenix Opening 

Get SALT Encoding   

  12  0:00  Probe  
  13  0:12  Probe  
  14  0:17  Pylon  
  14  0:24  Probe (Chrono Boost)  
  15  0:36  Gateway, Probe (Chrono Boost)  
  16  0:44  Probe (Chrono Boost)  
  16  0:46  Assimilator  
  17  0:51  Probe  
  17  0:56  Assimilator  
  18  1:03  Probe (Chrono Boost)  
  19  1:09  Gateway  
  19  1:14  Probe (Chrono Boost)  
  20  1:18  Probe (Chrono Boost)  
  21  1:26  Cybernetics Core  
  21  1:30  Probe  
  22  1:37  Pylon  
  22  1:43  Probe  
  23  1:55  Probe  
  24  2:03  Sentry, Stalker, Warp Gate  
  29  2:12  Pylon  
  29  2:26  Probe  
  29  2:28  Pylon  
  29  2:30  Stalker  
  29  2:33  Stalker  
  29  2:36  Phoenix  
  33  2:52  Nexus  
  33  2:55  Probe  
  34  3:03  Shield Battery  
  34  3:08  Probe  
  34  3:10  Sentry  
  37  3:13  Pylon  
  37  3:20  Probe  
  38  3:32  Twilight Council, Probe  
  39  3:44  Probe  
  40  3:50  Phoenix  
  38  3:56  Probe (Chrono Boost)  
  38  3:59  Sentry, Stalker  
  38  4:02  Forge  
  41  4:06  Probe (Chrono Boost)  
  41  4:07  Probe (Chrono Boost)  
  41  4:09  Blink  
  43  4:15  Probe (Chrono Boost)  
  43  4:16  Probe (Chrono Boost)  
  47  4:24  Probe (Chrono Boost)  
  47  4:25  Probe (Chrono Boost)  
  47  4:30  Probe (Chrono Boost)  
  49  4:33  Robotics Facility, Probe (Chrono Boost)  
  49  4:34  Stalker  
  49  4:36  Stalker  
  53  4:38  Probe  
  53  4:45  Pylon  
  54  4:51  Probe  
  53  4:55  Probe  
  52  5:03  Probe  
  52  5:06  Stalker x2  
  55  5:07  Probe  
  55  5:09  Assimilator  
  54  5:15  Pylon  
  54  5:18  Gateway  
  54  5:19  Immortal (Chrono Boost)  
  54  5:20  Gateway  
  54  5:25  Protoss Ground Weapons Level 1 (Chrono Boost), Phoenix  
  58  5:30  Pylon  
  58  5:36  Stalker  
  60  5:43  Stalker  
  60  5:48  Pylon, Warp Prism (Chrono Boost)  
  64  5:59  Stalker  
  64  6:03  Pylon  
  66  6:08  Stalker  
  68  6:18  Nexus  
  66  6:20  Pylon, Stalker  
  66  6:21  Observer  
  66  6:25  Probe x2  
  69  6:37  Probe x2  
  69  6:38  Stalker x3  
  75  6:49  Probe  
  75  6:50  Probe  
  77  6:57  Shield Battery  
  77  6:59  Pylon, Gateway  
  77  7:00  Gateway  
  77  7:01  Probe  
  78  7:02  Probe  
  78  7:03  Sentry  
  78  7:05  Stalker  
  83  7:13  Probe, Dark Shrine  
  83  7:15  Shield Battery  
  84  7:19  Stalker  
  86  7:23  Probe  
  86  7:25  Probe  
  86  7:26  Stalker  
  86  7:28  Assimilator  
  90  7:31  Probe  
  91  7:38  Stalker x2  
  91  7:39  Probe  
  91  7:40  Probe  
  91  7:43  Probe  
  98  7:48  Pylon  
  98  7:58  Stalker x2, Probe x2  
  100  7:59  Stalker x2  
  100  8:02  Assimilator  
  100  8:03  Probe  
  104  8:20  Probe  
  104  8:21  Probe  
  104  8:25  Probe  
  104  8:26  Charge  
  104  8:27  Stalker x3  
  107  8:30  Stalker x2  
  107  8:35  Protoss Ground Weapons Level 2 (Chrono Boost)  
  107  8:39  Stalker  
  95  8:45  Gateway  
  95  8:47  Gateway  
  95  8:50  Assimilator  
  95  8:59  Stalker x2  
  95  9:00  Stalker  
  95  9:01  Stalker  
  95  9:02  Zealot  
  95  9:06  Stalker  
  97  9:11  Immortal (Chrono Boost)  
  97  9:13  Gateway  
  101  9:23  Dark Templar  
  103  9:25  Zealot x4  
  111  9:32  Zealot  
  111  9:35  Pylon x3  
  113  9:43  Dark Templar x2, Observer  
  118  9:49  Archon  
  118  9:50  Zealot  
  118  9:51  Zealot  
  121  9:53  Stalker x2  
  125  10:06  Dark Templar x2  
  119  10:10  Probe x2  
  115  10:15  Zealot x4  
  115  10:25  Zealot x3  
  97  10:37  Stalker x3  
Show
View Real Time Build Order
Export as new Build Order

PiLiPiLi Protoss 

Build Orders:  

Get SALT Encoding   

  12  0:00  Probe  
  13  0:12  Probe  
  14  0:17  Pylon  
  14  0:25  Probe (Chrono Boost)  
  15  0:37  Gateway, Probe (Chrono Boost)  
  16  0:45  Probe (Chrono Boost)  
  16  0:46  Assimilator  
  17  0:51  Probe  
  18  0:57  Assimilator  
  18  1:03  Probe (Chrono Boost)  
  19  1:11  Gateway  
  19  1:15  Probe (Chrono Boost)  
  20  1:22  Probe (Chrono Boost)  
  21  1:25  Cybernetics Core  
  21  1:29  Probe  
  22  1:37  Pylon  
  22  1:41  Probe  
  23  1:55  Probe  
  24  2:02  Stalker x2  
  24  2:06  Warp Gate (Chrono Boost)  
  29  2:08  Probe  
  29  2:14  Pylon  
  29  2:32  Stalker  
  29  2:33  Probe  
  33  2:39  Sentry  
  33  2:54  Nexus  
  33  2:57  Probe  
  34  3:03  Pylon  
  35  3:12  Probe (Chrono Boost)  
  35  3:25  Probe (Chrono Boost)  
  34  3:29  Twilight Council  
  34  3:32  Probe (Chrono Boost)  
  34  3:33  Shield Battery  
  35  3:40  Probe  
  36  3:48  Stalker x2  
  34  3:52  Probe  
  34  4:00  Blink (Chrono Boost)  
  34  4:04  Probe  
  36  4:10  Probe  
  36  4:17  Stalker x2  
  36  4:19  Probe  
  36  4:22  Probe  
  42  4:31  Probe  
  43  4:37  Gateway, Probe  
  44  4:43  Probe  
  45  4:49  Probe  
  44  4:55  Probe  
  43  5:01  Probe  
  42  5:08  Stalker x2  
  42  5:09  Probe  
  42  5:13  Probe  
  48  5:20  Nexus  
  48  5:21  Probe  
  48  5:22  Pylon  
  48  5:26  Probe  
  50  5:32  Stalker x2  
  54  5:36  Stalker  
  54  5:39  Probe  
  54  5:42  Probe  
  58  5:48  Robotics Facility  
  58  5:54  Charge (Chrono Boost)  
  58  5:55  Stalker x2  
  62  5:59  Stalker  
  62  6:01  Probe x2  
  62  6:22  Stalker x2  
  62  6:23  Stalker  
  62  6:24  Probe x2  
  68  6:39  Immortal (Chrono Boost)  
  64  6:40  Gateway  
  64  6:43  Gateway  
  64  6:46  Stalker x2  
  72  6:50  Stalker  
  74  6:55  Probe x3  
  74  6:59  Gateway  
  77  7:07  Probe x2  
  79  7:10  Gateway  
  79  7:11  Observer (Chrono Boost)  
  79  7:12  Gateway  
  79  7:15  Pylon  
  80  7:18  Pylon  
  80  7:19  Pylon, Probe  
  81  7:24  Sentry, Zealot  
  85  7:31  Warp Prism (Chrono Boost)  
  85  7:34  Pylon  
  85  7:36  Zealot x2  
  91  7:42  Zealot  
  93  7:45  Gateway  
  93  7:47  Probe  
  93  7:49  Assimilator  
  94  7:51  Zealot x2  
  98  8:01  Zealot x3  
  98  8:02  Zealot  
  106  8:09  Pylon  
  92  8:23  Zealot  
  92  8:24  Zealot x4  
  92  8:25  Zealot x2  
  92  8:26  Zealot  
  76  8:46  Stalker x5  
  76  8:47  Stalker x4  
  76  9:10  Zealot  
  76  9:11  Zealot x8  
  94  9:26  Zealot x5  
  104  9:31  Zealot x3  
  104  9:32  Zealot  
  112  9:43  Pylon  
  110  9:54  Observer (Chrono Boost)  
  110  9:55  Zealot x3  
  110  9:56  Zealot x5  
  125  10:07  Zealot  
  121  10:08  Probe  
  107  10:17  Zealot x3  
  95  10:23  Zealot  
  79  10:29  Sentry x2, Zealot  
  57  10:43  Zealot x2  

Tags
 
Add a new tag
Caveats
  • Supply blocks, unpowered buildings, or Contaminate may cause inaccurate times.
  • Supply counts are checked every 10 seconds.